Tappara Tampere vs Kelowna Rockets
Created - Saturday, October 26, 2024 at 10:52
Goals
|
| Tappara Tampere |
1 |
6 |
1 |
8 |
| Kelowna Rockets |
1 |
3 |
1 |
5 |
|
Shots
|
| Tappara Tampere |
13 |
19 |
10 |
42 |
| Kelowna Rockets |
12 |
14 |
12 |
38 |
|
1st period
1. Kelowna Rockets , Bobby McMann 35 (Mavrik Bourque 51, Joel Kiviranta 27) at 0:15
2. Tappara Tampere , Matthew Beniers 35 (John Klingberg 23, Kent Johnson 31) at 9:11
Penalties :
Jacob Perreault (KEL) for Cross-checking (Minor) at 1:27, Jacob Perreault (KEL) for Tripping (Minor) at 19:05
2nd period
3. Tappara Tampere , Sam Carrick 16 (Nathan Walker 16) at 1:21
4. Tappara Tampere , Matthew Beniers 36 (Logan Stankoven 42) at 2:09
5. Tappara Tampere , Andrew Cogliano 15 (Matthew Beniers 42, Logan Stankoven 43) at 6:54
6. Kelowna Rockets , Mikael Pyyhtia 7 (Oskar Back 5) at 7:52
7. Kelowna Rockets , Bobby McMann 36 (Mavrik Bourque 52, Joel Kiviranta 28) at 9:11 (PP)
8. Kelowna Rockets , Riley Nash 24 (Roby Jarventie 25) at 9:17
9. Tappara Tampere , Sebastian J Aho 1 (Matt Martin 9, Sam Carrick 14) at 12:00
10. Tappara Tampere , Logan Stankoven 36 (Andrew Cogliano 17, Jan Rutta 22) at 12:37
11. Tappara Tampere , Kent Johnson 24 (Logan Stankoven 44) at 18:56 (SH)
Penalties :
Mattias Janmark (TAP) for Hooking (Minor) at 8:15, Calvin De Haan (TAP) for Tripping (Minor) at 9:24, Maxence Guenette (KEL) for Fighting (Major) at 12:48, Jayson Megna (TAP) for Fighting (Major) at 12:48, Jan Rutta (TAP) for High sticking (Minor) at 18:43, Maxence Guenette (KEL) for Interference (Minor) at 18:59
3rd period
12. Kelowna Rockets , Riley Nash 25 (Aku Raty 24) at 4:12 (PP)
13. Tappara Tampere , Tomas Nosek 7 (Dominik Kubalik 21, John Klingberg 24) at 10:15
Penalties :
Jacob Perreault (KEL) for Interference (Minor) at 1:55, Dominik Kubalik (TAP) for Roughing (Minor) at 4:07, Bobby McMann (KEL) for High sticking (Minor) at 10:29
Goalie Stats
Chris Driedger (TAP), 33 saves from 38 shots - (0.868), W, 11-9-4, 60:00 minutes
Arvid Holm (KEL), 34 saves from 42 shots - (0.810), L, 9-10-0, 60:00 minutes
Players Stats for Tappara Tampere
Player Name G A P +/- PIM S H SB GA TA FO MP PP MP PK MP
------------------------------------------------------------------------------------
Andreas Englund 0 0 0 1 0 1 0 0 0 1 0/0 12:20 0:00 0:00
Andrew Cogliano 1 1 2 2 0 4 1 1 0 1 3/3 19:22 4:07 1:37
Calvin De Haan 0 0 0 2 2 1 2 0 0 1 0/0 25:27 4:07 0:56
Dominik Kubalik 0 1 1 1 2 3 0 0 0 0 0/0 10:19 0:00 0:00
Jan Rutta 0 1 1 2 2 2 3 1 0 3 0/0 25:23 4:08 1:51
Jayson Megna 0 0 0 0 5 0 1 1 0 0 3/3 14:45 4:02 0:00
John Klingberg 0 2 2 2 0 3 1 1 0 2 0/0 21:29 4:05 1:37
Kent Johnson 1 1 2 1 0 7 2 0 1 1 2/12 18:43 4:02 1:39
Logan Stankoven 1 3 4 3 0 1 3 0 2 0 1/4 18:39 4:05 1:39
Matt Martin 0 1 1 1 0 1 2 0 0 0 0/0 11:32 0:00 0:00
Matthew Beniers 2 1 3 2 0 8 3 0 0 0 14/25 19:19 4:06 1:37
Mattias Janmark 0 0 0 0 2 1 2 0 2 0 0/0 16:32 4:02 0:00
Nathan Walker 0 1 1 1 0 4 1 0 0 0 0/1 12:56 0:07 0:00
Nikita Zaitsev 0 0 0 1 0 0 1 1 0 2 0/0 20:52 4:05 1:37
Sam Carrick 1 1 2 1 0 1 1 0 0 0 6/11 12:10 0:04 0:00
Sebastian J Aho 1 0 1 2 0 2 0 1 0 0 0/0 14:28 0:00 0:31
Tanner Pearson 0 0 0 1 0 1 0 0 1 0 0/0 10:20 0:00 0:00
Tomas Nosek 1 0 1 1 0 2 1 0 0 0 2/4 10:20 0:00 0:00
Players Stats for Kelowna Rockets
Player Name G A P +/- PIM S H SB GA TA FO MP PP MP PK MP
------------------------------------------------------------------------------------
Adam Sykora 0 0 0 -1 0 0 2 0 1 0 0/1 12:22 0:00 0:00
Aku Raty 0 1 1 -3 0 2 0 1 0 0 0/0 15:26 1:24 0:00
Bobby McMann 2 0 2 -1 2 4 2 0 3 1 2/5 20:39 1:49 3:01
Chad Ruhwedel 0 0 0 -2 0 3 4 1 1 0 0/0 25:56 1:37 4:07
Eemil Viro 0 0 0 -3 0 0 1 1 0 0 0/0 14:45 0:00 0:00
Hardy Haman Aktell 0 0 0 0 0 0 2 3 0 1 0/0 21:18 1:39 4:05
Henri Nikkanen 0 0 0 0 0 0 0 0 0 0 0/0 2:55 0:03 0:24
Jacob Perreault 0 0 0 -1 6 1 0 0 0 0 0/0 9:36 0:00 0:00
Jake Christiansen 0 0 0 0 0 2 3 0 1 1 0/0 22:16 1:39 4:05
Jasper Weatherby 0 0 0 -1 0 0 0 1 0 0 3/4 10:53 0:00 1:15
Joel Kiviranta 0 2 2 0 0 4 1 3 1 1 1/3 17:10 1:49 3:57
Kim Nousiainen 0 0 0 -3 0 0 2 0 0 0 0/0 13:02 0:00 0:00
Mavrik Bourque 0 2 2 0 0 3 0 1 1 0 5/16 20:48 1:52 4:12
Maxence Guenette 0 0 0 -2 7 1 3 1 0 1 0/0 22:44 1:36 4:07
Mikael Pyyhtia 1 0 1 -1 0 3 0 0 0 0 5/8 12:30 0:03 0:00
Oskar Back 0 1 1 -1 0 2 1 0 0 0 0/0 12:22 0:00 0:00
Riley Nash 2 0 2 -3 0 8 3 1 2 1 16/25 19:51 1:24 3:35
Roby Jarventie 0 1 1 -3 0 5 2 0 1 0 0/1 15:26 1:24 0:00
3 Stars
1 - Logan Stankoven (TAP)
2 - Matthew Beniers (TAP)
3 - Andrew Cogliano (TAP)
Power Play
Tappara Tampere - 0 on 5 Attempt(s) - 0.00%
Kelowna Rockets - 2 on 4 Attempt(s) - 50.00%
Penalty Kill
Tappara Tampere - 2 on 4 Attempt(s) - 50.00%
- Score 1 goal in Penalty Kill
Kelowna Rockets - 5 on 5 Attempt(s) - 100.00%
- Score 0 goal in Penalty Kill
Team Stat
Tappara Tampere - Hits : 24 - Faceoff Wins : 31 - Blocked Shots : 6 - Penalty Minutes : 13
Kelowna Rockets - Hits : 26 - Faceoff Wins : 32 - Blocked Shots : 13 - Penalty Minutes : 15
Official
Referees : Francois St Laurent and Conor O'Donnell
Linesman : Brandon Gawryletz and Brad Kovachik
Game Notes
Jayson Megna beats up Maxence Guenette at 12:48 of 2nd period
Tappara Tampere
5 vs 5 Forward
Center Left Wing Right Wing Time % Phy DF OF
1 Matthew Beniers Andrew Cogliano Logan Stankoven 30 1 2 2
2 Kent Johnson Jayson Megna Mattias Janmark 30 1 2 2
3 Sam Carrick Nathan Walker Matt Martin 25 1 2 2
4 Tomas Nosek Tanner Pearson Dominik Kubalik 15 1 2 2
5 vs 5 Defense
Defense Defense Time % Phy DF OF
1 Jan Rutta Calvin De Haan 30 1 2 2
2 John Klingberg Nikita Zaitsev 30 1 2 2
3 Sebastian J Aho Andreas Englund 25 1 2 2
4 Jan Rutta Calvin De Haan 15 1 2 2
PowerPlay Forward
Center Left Wing Right Wing Time % Phy DF OF
1 Matthew Beniers Andrew Cogliano Logan Stankoven 50 1 2 2
2 Kent Johnson Jayson Megna Mattias Janmark 50 1 2 2
PowerPlay Defense
Defense Defense Time % Phy DF OF
1 Jan Rutta Calvin De Haan 50 1 2 2
2 John Klingberg Nikita Zaitsev 50 1 2 2
Penalty Kill 4 Players Forward
Center Wing Time % Phy DF OF
1 Matthew Beniers Andrew Cogliano 50 1 2 2
2 Logan Stankoven Kent Johnson 50 1 2 2
Penalty Kill 4 Players Defense
Defense Defense Time % Phy DF OF
1 Jan Rutta Calvin De Haan 50 1 2 2
2 John Klingberg Nikita Zaitsev 50 1 2 2
Penalty Kill - 3 Players Forward
Forward Time % Phy DF OF
1 Matthew Beniers 50 1 2 2
2 Andrew Cogliano 50 1 2 2
Penalty Kill - 3 Players Defense
Defense Defense Time % Phy DF OF
1 Jan Rutta Calvin De Haan 50 1 2 2
2 John Klingberg Nikita Zaitsev 50 1 2 2
4 vs 4 Forward
Center Wing Time % Phy DF OF
1 Matthew Beniers Andrew Cogliano 50 1 2 2
2 Logan Stankoven Kent Johnson 50 1 2 2
4 vs 4 Defense
Defense Defense Time % Phy DF OF
1 Jan Rutta Calvin De Haan 50 1 2 2
2 John Klingberg Nikita Zaitsev 50 1 2 2
Last Minutes Offensive
Center Left Wing Right Wing Defense Defense
Matthew Beniers Andrew Cogliano Logan Stankoven Jan Rutta Calvin De Haan
Last Minutes Defensive
Center Left Wing Right Wing Defense Defense
Matthew Beniers Andrew Cogliano Logan Stankoven Jan Rutta Calvin De Haan
Goaltenders
Starting : Chris Driedger
Backup : Joel Hofer
Extra Forwards
Normal : Nathan Walker, Sam Carrick, Matt Martin - PP : Nathan Walker, Sam Carrick - PK : Matt Martin
Extra Defensemen
Normal : Sebastian J Aho, John Klingberg, Nikita Zaitsev - PP : Sebastian J Aho - PK : John Klingberg, Nikita Zaitsev
Penalty Shots
Matthew Beniers, Andrew Cogliano, Logan Stankoven, Kent Johnson, Mattias Janmark
Scratches
Ben Hutton (Healthy), Niko Mikkola (Healthy), Klim Kostin (Healthy), Ville Ottavainen (Healthy), Max Sasson (Healthy)
Sheldon Dries (Healthy), Jesper Vikman (Healthy), Nikita Tolopilo (Healthy), Brandon Bussi (Healthy)
Kelowna Rockets
5 vs 5 Forward
Center Left Wing Right Wing Time % Phy DF OF
1 Mavrik Bourque Bobby McMann Joel Kiviranta 30 1 2 2
2 Riley Nash Roby Jarventie Aku Raty 30 1 2 2
3 Mikael Pyyhtia Adam Sykora Oskar Back 25 1 2 2
4 Jasper Weatherby Bobby McMann Jacob Perreault 15 1 2 2
5 vs 5 Defense
Defense Defense Time % Phy DF OF
1 Chad Ruhwedel Maxence Guenette 30 1 2 2
2 Jake Christiansen Hardy Haman Aktell 30 1 2 2
3 Eemil Viro Kim Nousiainen 25 1 2 2
4 Chad Ruhwedel Maxence Guenette 15 1 2 2
PowerPlay Forward
Center Left Wing Right Wing Time % Phy DF OF
1 Mavrik Bourque Bobby McMann Joel Kiviranta 50 1 2 2
2 Riley Nash Roby Jarventie Aku Raty 50 1 2 2
PowerPlay Defense
Defense Defense Time % Phy DF OF
1 Chad Ruhwedel Maxence Guenette 50 1 2 2
2 Jake Christiansen Hardy Haman Aktell 50 1 2 2
Penalty Kill 4 Players Forward
Center Wing Time % Phy DF OF
1 Bobby McMann Mavrik Bourque 50 1 2 2
2 Joel Kiviranta Riley Nash 50 1 2 2
Penalty Kill 4 Players Defense
Defense Defense Time % Phy DF OF
1 Chad Ruhwedel Maxence Guenette 50 1 2 2
2 Jake Christiansen Hardy Haman Aktell 50 1 2 2
Penalty Kill - 3 Players Forward
Forward Time % Phy DF OF
1 Bobby McMann 50 1 2 2
2 Mavrik Bourque 50 1 2 2
Penalty Kill - 3 Players Defense
Defense Defense Time % Phy DF OF
1 Chad Ruhwedel Maxence Guenette 50 1 2 2
2 Jake Christiansen Hardy Haman Aktell 50 1 2 2
4 vs 4 Forward
Center Wing Time % Phy DF OF
1 Bobby McMann Mavrik Bourque 50 1 2 2
2 Joel Kiviranta Riley Nash 50 1 2 2
4 vs 4 Defense
Defense Defense Time % Phy DF OF
1 Chad Ruhwedel Maxence Guenette 50 1 2 2
2 Jake Christiansen Hardy Haman Aktell 50 1 2 2
Last Minutes Offensive
Center Left Wing Right Wing Defense Defense
Mavrik Bourque Bobby McMann Joel Kiviranta Chad Ruhwedel Maxence Guenette
Last Minutes Defensive
Center Left Wing Right Wing Defense Defense
Mavrik Bourque Bobby McMann Joel Kiviranta Chad Ruhwedel Maxence Guenette
Goaltenders
Starting : Arvid Holm
Backup : Eetu Makiniemi
Extra Forwards
Normal : Henri Nikkanen, Mikael Pyyhtia, Jasper Weatherby - PP : Henri Nikkanen, Mikael Pyyhtia - PK : Jasper Weatherby
Extra Defensemen
Normal : Eemil Viro, Kim Nousiainen, Jake Christiansen - PP : Eemil Viro - PK : Kim Nousiainen, Jake Christiansen
Penalty Shots
Bobby McMann, Mavrik Bourque, Joel Kiviranta, Riley Nash, Roby Jarventie
Scratches
Adam Raska (Healthy), Samu Tuomaala (Healthy), Navrin Mutter (Healthy), Riley Bezeau (Healthy), Connor Zary (Healthy)
Raivis Ansons (Healthy), Mason Primeau (Healthy), Oscar Dansk (Healthy)
% Time on Ice - Tappara Tampere
Lines # - Real PCT - Wanted PCT - Time Play
Normal Forward
1 - 27% - 30% - 12:26
2 - 27% - 30% - 12:31
3 - 25% - 25% - 11:32
4 - 22% - 15% - 10:20
Normal Defense
1 - 31% - 30% - 14:41
2 - 31% - 30% - 14:27
3 - 26% - 25% - 12:20
4 - 11% - 15% - 5:21
PP Forward
1 - 51% - 50% - 4:10
2 - 49% - 50% - 4:02
PP Defense
1 - 50% - 50% - 4:07
2 - 50% - 50% - 4:05
PK Forward
1 - 49% - 50% - 1:37
2 - 51% - 50% - 1:39
PK Defense
1 - 72% - 50% - 2:22
2 - 28% - 50% - 0:54
PK3 Forward
1 - 0% - 50%
2 - 0% - 50%
PK3 Defense
1 - 0% - 50%
2 - 0% - 50%
44 Forward
1 - 70% - 50% - 1:12
2 - 30% - 50% - 0:31
44 Defense
1 - 58% - 50% - 1:00
2 - 42% - 50% - 0:43
Last Minute Offensive - 0:00
Last Minute Defensive - 0:00
Total
Forward - 60:00
Defense - 60:00
|
% Time on Ice - Kelowna Rockets
Lines # - Real PCT - Wanted PCT - Time Play
Normal Forward
1 - 30% - 30% - 13:51
2 - 30% - 30% - 14:08
3 - 26% - 25% - 12:22
4 - 14% - 15% - 6:28
Normal Defense
1 - 30% - 30% - 14:05
2 - 31% - 30% - 14:41
3 - 27% - 25% - 12:46
4 - 11% - 15% - 5:17
PP Forward
1 - 57% - 50% - 1:52
2 - 43% - 50% - 1:24
PP Defense
1 - 49% - 50% - 1:37
2 - 51% - 50% - 1:39
PK Forward
1 - 56% - 50% - 4:36
2 - 44% - 50% - 3:36
PK Defense
1 - 50% - 50% - 4:07
2 - 50% - 50% - 4:05
PK3 Forward
1 - 0% - 50%
2 - 0% - 50%
PK3 Defense
1 - 0% - 50%
2 - 0% - 50%
44 Forward
1 - 51% - 50% - 0:53
2 - 49% - 50% - 0:50
44 Defense
1 - 49% - 50% - 0:50
2 - 51% - 50% - 0:53
Last Minute Offensive - 0:00
Last Minute Defensive - 0:00
Total
Forward - 60:00
Defense - 60:00
|
Play-by-Play
1st period
0:01 of 1st period - Matthew Beniers wins face-off versus Mavrik Bourque in neutral zone.
0:13 of 1st period - Slapshot by Bobby McMann.
0:13 of 1st period - Shot Misses the Net.
0:15 of 1st period - Snap shot by Bobby McMann.
0:15 of 1st period - Goal by Bobby McMann - Tappara Tampere : 0 - Kelowna Rockets : 1.
0:16 of 1st period - Riley Nash wins face-off versus Kent Johnson in neutral zone.
0:23 of 1st period - Icing by Mattias Janmark.
0:24 of 1st period - Riley Nash wins face-off versus Kent Johnson in Tappara Tampere zone.
0:35 of 1st period - Wrist shot by Roby Jarventie.
0:35 of 1st period - Shot Misses the Net.
0:51 of 1st period - Snap shot by Mikael Pyyhtia.
0:51 of 1st period - Stopped by Chris Driedger with a rebound.
1:27 of 1st period - Minor Penalty to Jacob Perreault for Cross-checking.
1:28 of 1st period - Bobby McMann wins face-off versus Matthew Beniers in Kelowna Rockets zone.
1:53 of 1st period - Chad Ruhwedel is hit by Kent Johnson and loses puck.
2:16 of 1st period - Jake Christiansen is hit by Logan Stankoven.
2:20 of 1st period - Andrew Cogliano is hit by Bobby McMann and loses puck.
3:11 of 1st period - Mattias Janmark is hit by Chad Ruhwedel and loses puck.
3:27 of 1st period - Penalty to Jacob Perreault is over, Jacob Perreault is back on ice.
4:00 of 1st period - Slapshot by Mavrik Bourque.
4:00 of 1st period - Stopped by Chris Driedger with a rebound.
5:34 of 1st period - Snap shot by Mavrik Bourque.
5:34 of 1st period - Shot Misses the Net.
5:50 of 1st period - Snap shot by Dominik Kubalik.
5:50 of 1st period - Stopped by Arvid Holm with a rebound.
5:52 of 1st period - Snap shot by Andreas Englund.
5:52 of 1st period - Stopped by Arvid Holm with a rebound.
5:54 of 1st period - Wrist shot by Tomas Nosek.
5:54 of 1st period - Shot Misses the Net.
5:56 of 1st period - Wrist shot by Tomas Nosek.
5:56 of 1st period - Shot Blocked by Jasper Weatherby.
6:18 of 1st period - Wrist shot by Tanner Pearson.
6:18 of 1st period - Shot Blocked by Hardy Haman Aktell.
6:20 of 1st period - Slapshot by Sebastian J Aho.
6:20 of 1st period - Deflect By Dominik Kubalik.
6:20 of 1st period - Stopped by Arvid Holm without a rebound.
6:21 of 1st period - Matthew Beniers wins face-off versus Riley Nash in Kelowna Rockets zone.
6:22 of 1st period - Snap shot by Logan Stankoven.
6:22 of 1st period - Shot Misses the Net.
7:35 of 1st period - Slapshot by John Klingberg.
7:35 of 1st period - Stopped by Arvid Holm without a rebound.
7:36 of 1st period - Riley Nash wins face-off versus Matthew Beniers in Kelowna Rockets zone.
7:47 of 1st period - Slapshot by Logan Stankoven.
7:47 of 1st period - Shot Misses the Net.
8:17 of 1st period - Oskar Back is hit by Sam Carrick and loses puck.
8:37 of 1st period - Aku Raty is hit by Logan Stankoven and loses puck.
8:43 of 1st period - Icing by Aku Raty.
8:44 of 1st period - Riley Nash wins face-off versus Kent Johnson in Kelowna Rockets zone.
9:09 of 1st period - Snap shot by Matthew Beniers.
9:09 of 1st period - Stopped by Arvid Holm with a rebound.
9:11 of 1st period - Wrist shot by John Klingberg.
9:11 of 1st period - Deflect By Matthew Beniers.
9:11 of 1st period - Goal by Matthew Beniers - Tappara Tampere : 1 - Kelowna Rockets : 1.
9:12 of 1st period - Matthew Beniers wins face-off versus Mikael Pyyhtia in neutral zone.
9:48 of 1st period - Snap shot by Roby Jarventie.
9:48 of 1st period - Stopped by Chris Driedger without a rebound.
9:49 of 1st period - Sam Carrick wins face-off versus Riley Nash in Tappara Tampere zone.
9:56 of 1st period - Wrist shot by Nathan Walker.
9:56 of 1st period - Stopped by Arvid Holm with a rebound.
10:41 of 1st period - Slapshot by Dominik Kubalik.
10:41 of 1st period - Deflect By Tanner Pearson.
10:41 of 1st period - Stopped by Arvid Holm with a rebound.
11:08 of 1st period - Wrist shot by Roby Jarventie.
11:08 of 1st period - Deflect By Riley Nash.
11:08 of 1st period - Shot Misses the Net.
11:08 of 1st period - Puck is out of play.
11:09 of 1st period - Riley Nash wins face-off versus Matthew Beniers in Tappara Tampere zone.
11:39 of 1st period - Snap shot by Riley Nash.
11:39 of 1st period - Stopped by Chris Driedger with a rebound.
11:47 of 1st period - Snap shot by Riley Nash.
11:47 of 1st period - Stopped by Chris Driedger with a rebound.
11:49 of 1st period - Slapshot by Chad Ruhwedel.
11:49 of 1st period - Shot Blocked by Jan Rutta.
11:51 of 1st period - Slapshot by Riley Nash.
11:51 of 1st period - Stopped by Chris Driedger with a rebound.
11:53 of 1st period - Slapshot by Chad Ruhwedel.
11:53 of 1st period - Stopped by Chris Driedger with a rebound.
11:59 of 1st period - Wrist shot by Roby Jarventie.
11:59 of 1st period - Stopped by Chris Driedger with a rebound.
12:17 of 1st period - Wrist shot by Kent Johnson.
12:17 of 1st period - Stopped by Arvid Holm with a rebound.
12:33 of 1st period - Wrist shot by Riley Nash.
12:33 of 1st period - Stopped by Chris Driedger with a rebound.
12:49 of 1st period - Snap shot by Aku Raty.
12:49 of 1st period - Shot Misses the Net.
12:51 of 1st period - Wrist shot by Aku Raty.
12:51 of 1st period - Stopped by Chris Driedger without a rebound.
12:52 of 1st period - Sam Carrick wins face-off versus Jasper Weatherby in Tappara Tampere zone.
13:08 of 1st period - Snap shot by Jacob Perreault.
13:08 of 1st period - Deflect By Bobby McMann.
13:08 of 1st period - Stopped by Chris Driedger without a rebound.
13:09 of 1st period - Matthew Beniers wins face-off versus Adam Sykora in Tappara Tampere zone.
13:14 of 1st period - Chad Ruhwedel is hit by Matthew Beniers and loses puck.
13:41 of 1st period - Nikita Zaitsev is hit by Chad Ruhwedel and loses puck.
14:03 of 1st period - Snap shot by Dominik Kubalik.
14:03 of 1st period - Deflect By Tanner Pearson.
14:03 of 1st period - Shot Misses the Net.
14:03 of 1st period - Puck is out of play.
14:04 of 1st period - Matthew Beniers wins face-off versus Mikael Pyyhtia in Kelowna Rockets zone.
14:38 of 1st period - Slapshot by Nathan Walker.
14:38 of 1st period - Stopped by Arvid Holm with a rebound.
15:24 of 1st period - Backhand shot by Matthew Beniers.
15:24 of 1st period - Shot Misses the Net.
15:38 of 1st period - Slapshot by John Klingberg.
15:38 of 1st period - Shot Misses the Net.
15:54 of 1st period - Riley Nash is hit by Kent Johnson.
16:32 of 1st period - Hardy Haman Aktell is hit by Tomas Nosek and loses puck.
16:55 of 1st period - Kent Johnson is hit by Adam Sykora and loses puck.
17:24 of 1st period - Slapshot by Andrew Cogliano.
17:24 of 1st period - Deflect By Chad Ruhwedel.
17:24 of 1st period - Stopped by Arvid Holm with a rebound.
17:30 of 1st period - Riley Nash is hit by Jan Rutta and loses puck.
18:27 of 1st period - Bobby McMann is hit by Matt Martin and loses puck.
18:50 of 1st period - Matthew Beniers is hit by Riley Nash and loses puck.
19:05 of 1st period - Minor Penalty to Jacob Perreault for Tripping.
19:06 of 1st period - Matthew Beniers wins face-off versus Joel Kiviranta in Kelowna Rockets zone.
19:07 of 1st period - Wrist shot by Logan Stankoven.
19:07 of 1st period - Shot Hit the Post.
19:09 of 1st period - Slapshot by Calvin De Haan.
19:09 of 1st period - Shot Blocked by Joel Kiviranta.
19:11 of 1st period - Snap shot by Logan Stankoven.
19:11 of 1st period - Shot Blocked by Joel Kiviranta.
19:13 of 1st period - Slapshot by Jan Rutta.
19:13 of 1st period - Shot Blocked by Joel Kiviranta.
19:15 of 1st period - Snap shot by Matthew Beniers.
19:15 of 1st period - Stopped by Arvid Holm with a rebound.
19:17 of 1st period - Slapshot by Jan Rutta.
19:17 of 1st period - Stopped by Arvid Holm without a rebound.
19:18 of 1st period - Jayson Megna wins face-off versus Bobby McMann in Kelowna Rockets zone.
Goals for this period are 1 for Tappara Tampere vs 1 for Kelowna Rockets.
Shots for this period are 13 for Tappara Tampere vs 12 for Kelowna Rockets.
2nd period
0:01 of 2nd period - Jayson Megna wins face-off versus Bobby McMann in neutral zone.
1:05 of 2nd period - Penalty to Jacob Perreault is over, Jacob Perreault is back on ice.
1:15 of 2nd period - Snap shot by Nathan Walker.
1:15 of 2nd period - Stopped by Arvid Holm without a rebound.
1:16 of 2nd period - Sam Carrick wins face-off versus Mikael Pyyhtia in Kelowna Rockets zone.
1:21 of 2nd period - Backhand shot by Sam Carrick.
1:21 of 2nd period - Goal by Sam Carrick - Tappara Tampere : 2 - Kelowna Rockets : 1.
1:22 of 2nd period - Matthew Beniers wins face-off versus Mavrik Bourque in neutral zone.
1:31 of 2nd period - Snap shot by Bobby McMann.
1:31 of 2nd period - Shot Misses the Net.
1:33 of 2nd period - Snap shot by Mavrik Bourque.
1:33 of 2nd period - Stopped by Chris Driedger with a rebound.
1:35 of 2nd period - Slapshot by Chad Ruhwedel.
1:35 of 2nd period - Stopped by Chris Driedger with a rebound.
1:37 of 2nd period - Slapshot by Mavrik Bourque.
1:37 of 2nd period - Deflect By Bobby McMann.
1:37 of 2nd period - Shot Misses the Net.
1:37 of 2nd period - Puck is out of play.
1:38 of 2nd period - Riley Nash wins face-off versus Kent Johnson in Tappara Tampere zone.
1:41 of 2nd period - Wrist shot by Riley Nash.
1:41 of 2nd period - Stopped by Chris Driedger with a rebound.
1:53 of 2nd period - Snap shot by Aku Raty.
1:53 of 2nd period - Deflect By Roby Jarventie.
1:53 of 2nd period - Shot Misses the Net.
1:53 of 2nd period - Puck is out of play.
1:54 of 2nd period - Matthew Beniers wins face-off versus Mavrik Bourque in Tappara Tampere zone.
1:59 of 2nd period - Slapshot by Mavrik Bourque.
1:59 of 2nd period - Shot Misses the Net.
2:01 of 2nd period - Slapshot by Chad Ruhwedel.
2:01 of 2nd period - Deflect By Joel Kiviranta.
2:01 of 2nd period - Shot Blocked by Andrew Cogliano.
2:01 of 2nd period - Puck is out of play.
2:02 of 2nd period - Matthew Beniers wins face-off versus Mavrik Bourque in Tappara Tampere zone.
2:09 of 2nd period - Wrist shot by Matthew Beniers.
2:09 of 2nd period - Goal by Matthew Beniers - Tappara Tampere : 3 - Kelowna Rockets : 1.
2:10 of 2nd period - Andrew Cogliano wins face-off versus Mavrik Bourque in neutral zone.
2:36 of 2nd period - Oskar Back is hit by Jan Rutta and loses puck.
2:51 of 2nd period - Mattias Janmark is hit by Oskar Back.
3:02 of 2nd period - Snap shot by Oskar Back.
3:02 of 2nd period - Shot Misses the Net.
3:04 of 2nd period - Slapshot by Chad Ruhwedel.
3:04 of 2nd period - Shot Misses the Net.
3:06 of 2nd period - Snap shot by Mikael Pyyhtia.
3:06 of 2nd period - Shot Misses the Net.
3:20 of 2nd period - Slapshot by Mikael Pyyhtia.
3:20 of 2nd period - Stopped by Chris Driedger with a rebound.
3:22 of 2nd period - Slapshot by Maxence Guenette.
3:22 of 2nd period - Shot Misses the Net.
3:24 of 2nd period - Snap shot by Chad Ruhwedel.
3:24 of 2nd period - Deflect By Jayson Megna.
3:24 of 2nd period - Stopped by Chris Driedger with a rebound.
3:28 of 2nd period - Slapshot by Mikael Pyyhtia.
3:28 of 2nd period - Shot Blocked by John Klingberg.
3:30 of 2nd period - Snap shot by Oskar Back.
3:30 of 2nd period - Stopped by Chris Driedger without a rebound.
3:31 of 2nd period - Mavrik Bourque wins face-off versus Sam Carrick in Tappara Tampere zone.
3:34 of 2nd period - Snap shot by Joel Kiviranta.
3:34 of 2nd period - Stopped by Chris Driedger without a rebound.
3:35 of 2nd period - Mavrik Bourque wins face-off versus Nathan Walker in Tappara Tampere zone.
4:30 of 2nd period - Slapshot by Andrew Cogliano.
4:30 of 2nd period - Stopped by Arvid Holm with a rebound.
4:32 of 2nd period - Backhand shot by Andreas Englund.
4:32 of 2nd period - Deflect By Matthew Beniers.
4:32 of 2nd period - Shot Blocked by Riley Nash.
4:32 of 2nd period - Puck is out of play.
4:33 of 2nd period - Mikael Pyyhtia wins face-off versus Sam Carrick in Kelowna Rockets zone.
4:42 of 2nd period - Sebastian J Aho is hit by Maxence Guenette and loses puck.
4:47 of 2nd period - Slapshot by Oskar Back.
4:47 of 2nd period - Stopped by Chris Driedger without a rebound.
4:48 of 2nd period - Andrew Cogliano wins face-off versus Riley Nash in Tappara Tampere zone.
4:54 of 2nd period - Icing by Matthew Beniers.
4:55 of 2nd period - Matthew Beniers wins face-off versus Riley Nash in Tappara Tampere zone.
5:01 of 2nd period - Icing by Roby Jarventie.
5:02 of 2nd period - Matthew Beniers wins face-off versus Riley Nash in Kelowna Rockets zone.
5:05 of 2nd period - Wrist shot by Andrew Cogliano.
5:05 of 2nd period - Stopped by Arvid Holm without a rebound.
5:06 of 2nd period - Jasper Weatherby wins face-off versus Matthew Beniers in Kelowna Rockets zone.
5:06 of 2nd period - Jasper Weatherby is hit by Logan Stankoven.
5:30 of 2nd period - Off-side.
5:31 of 2nd period - Sam Carrick wins face-off versus Roby Jarventie in neutral zone.
5:36 of 2nd period - Andreas Englund is hit by Roby Jarventie and loses puck.
6:32 of 2nd period - Mattias Janmark is hit by Adam Sykora.
6:50 of 2nd period - Snap shot by Matthew Beniers.
6:50 of 2nd period - Deflect By Roby Jarventie.
6:50 of 2nd period - Stopped by Arvid Holm with a rebound.
6:52 of 2nd period - Wrist shot by Matthew Beniers.
6:52 of 2nd period - Stopped by Arvid Holm with a rebound.
6:54 of 2nd period - Slapshot by Andrew Cogliano.
6:54 of 2nd period - Goal by Andrew Cogliano - Tappara Tampere : 4 - Kelowna Rockets : 1.
6:55 of 2nd period - Jasper Weatherby wins face-off versus Kent Johnson in neutral zone.
6:58 of 2nd period - Wrist shot by Jacob Perreault.
6:58 of 2nd period - Stopped by Chris Driedger with a rebound.
7:00 of 2nd period - Slapshot by Jake Christiansen.
7:00 of 2nd period - Stopped by Chris Driedger without a rebound.
7:01 of 2nd period - Jasper Weatherby wins face-off versus Kent Johnson in Tappara Tampere zone.
7:16 of 2nd period - Wrist shot by Kent Johnson.
7:16 of 2nd period - Stopped by Arvid Holm with a rebound.
7:28 of 2nd period - Hardy Haman Aktell is hit by Matthew Beniers and loses puck.
7:44 of 2nd period - Icing by John Klingberg.
7:45 of 2nd period - Mikael Pyyhtia wins face-off versus Sam Carrick in Tappara Tampere zone.
7:52 of 2nd period - Slapshot by Mikael Pyyhtia.
7:52 of 2nd period - Goal by Mikael Pyyhtia - Tappara Tampere : 4 - Kelowna Rockets : 2.
7:53 of 2nd period - Kent Johnson wins face-off versus Mavrik Bourque in neutral zone.
8:15 of 2nd period - Minor Penalty to Mattias Janmark for Hooking.
8:16 of 2nd period - Mavrik Bourque wins face-off versus Matthew Beniers in Tappara Tampere zone.
8:19 of 2nd period - Slapshot by Bobby McMann.
8:19 of 2nd period - Shot Misses the Net.
8:21 of 2nd period - Slapshot by Maxence Guenette.
8:21 of 2nd period - Stopped by Chris Driedger with a rebound.
8:35 of 2nd period - Snap shot by Kent Johnson.
8:35 of 2nd period - Shot Misses the Net.
9:11 of 2nd period - Wrist shot by Bobby McMann.
9:11 of 2nd period - Goal by Bobby McMann - Tappara Tampere : 4 - Kelowna Rockets : 3.
9:12 of 2nd period - Riley Nash wins face-off versus Matthew Beniers in neutral zone.
9:17 of 2nd period - Snap shot by Riley Nash.
9:17 of 2nd period - Goal by Riley Nash - Tappara Tampere : 4 - Kelowna Rockets : 4.
9:18 of 2nd period - Mavrik Bourque wins face-off versus Matthew Beniers in neutral zone.
9:24 of 2nd period - Minor Penalty to Calvin De Haan for Tripping.
9:25 of 2nd period - Logan Stankoven wins face-off versus Riley Nash in Tappara Tampere zone.
9:35 of 2nd period - Matthew Beniers is hit by Riley Nash and loses puck.
11:16 of 2nd period - Logan Stankoven is hit by Chad Ruhwedel and loses puck.
11:24 of 2nd period - Penalty to Calvin De Haan is over, Calvin De Haan is back on ice.
11:58 of 2nd period - Snap shot by Matt Martin.
11:58 of 2nd period - Shot Misses the Net.
12:00 of 2nd period - Slapshot by Sebastian J Aho.
12:00 of 2nd period - Deflect By Bobby McMann.
12:00 of 2nd period - Goal by Sebastian J Aho - Tappara Tampere : 5 - Kelowna Rockets : 4.
12:01 of 2nd period - Sam Carrick wins face-off versus Riley Nash in neutral zone.
12:26 of 2nd period - Oskar Back is hit by Jan Rutta and loses puck.
12:33 of 2nd period - Backhand shot by Matthew Beniers.
12:33 of 2nd period - Stopped by Arvid Holm with a rebound.
12:35 of 2nd period - Slapshot by Jan Rutta.
12:35 of 2nd period - Stopped by Arvid Holm with a rebound.
12:37 of 2nd period - Snap shot by Andrew Cogliano.
12:37 of 2nd period - Deflect By Logan Stankoven.
12:37 of 2nd period - Goal by Logan Stankoven - Tappara Tampere : 6 - Kelowna Rockets : 4.
12:38 of 2nd period - Mavrik Bourque wins face-off versus Kent Johnson in neutral zone.
12:48 of 2nd period - Jayson Megna beats up Maxence Guenette.
12:48 of 2nd period - Penalty to Maxence Guenette for Fighting.
12:48 of 2nd period - Penalty to Jayson Megna for Fighting.
12:49 of 2nd period - Andrew Cogliano wins face-off versus Mavrik Bourque in Tappara Tampere zone.
12:49 of 2nd period - Andrew Cogliano is hit by Hardy Haman Aktell.
13:15 of 2nd period - Jake Christiansen is hit by Mattias Janmark and loses puck.
13:22 of 2nd period - Slapshot by Mattias Janmark.
13:22 of 2nd period - Shot Misses the Net.
13:24 of 2nd period - Slapshot by Nathan Walker.
13:24 of 2nd period - Stopped by Arvid Holm with a rebound.
13:26 of 2nd period - Snap shot by Kent Johnson.
13:26 of 2nd period - Shot Blocked by Hardy Haman Aktell.
13:42 of 2nd period - Snap shot by Dominik Kubalik.
13:42 of 2nd period - Shot Blocked by Hardy Haman Aktell.
14:05 of 2nd period - Off-side.
14:06 of 2nd period - Riley Nash wins face-off versus Matthew Beniers in neutral zone.
14:58 of 2nd period - Slapshot by Tanner Pearson.
14:58 of 2nd period - Deflect By Tomas Nosek.
14:58 of 2nd period - Shot Misses the Net.
14:58 of 2nd period - Puck is out of play.
14:59 of 2nd period - Mikael Pyyhtia wins face-off versus Kent Johnson in Kelowna Rockets zone.
15:26 of 2nd period - Andrew Cogliano is hit by Bobby McMann and loses puck.
15:43 of 2nd period - Andreas Englund is hit by Riley Nash.
16:25 of 2nd period - Wrist shot by Mattias Janmark.
16:25 of 2nd period - Stopped by Arvid Holm with a rebound.
16:31 of 2nd period - Kent Johnson is hit by Jake Christiansen and loses puck.
16:46 of 2nd period - Aku Raty is hit by Nikita Zaitsev and loses puck.
16:57 of 2nd period - Andrew Cogliano is hit by Joel Kiviranta.
17:13 of 2nd period - Tomas Nosek is hit by Chad Ruhwedel and loses puck.
17:24 of 2nd period - Mattias Janmark is hit by Jake Christiansen and loses puck.
17:30 of 2nd period - Icing by Sebastian J Aho.
17:31 of 2nd period - Riley Nash wins face-off versus Kent Johnson in Tappara Tampere zone.
18:28 of 2nd period - Snap shot by Dominik Kubalik.
18:28 of 2nd period - Stopped by Arvid Holm without a rebound.
18:29 of 2nd period - Sam Carrick wins face-off versus Riley Nash in Kelowna Rockets zone.
18:43 of 2nd period - Minor Penalty to Jan Rutta for High sticking.
18:44 of 2nd period - Riley Nash wins face-off versus Logan Stankoven in Tappara Tampere zone.
18:54 of 2nd period - Snap shot by Kent Johnson.
18:54 of 2nd period - Stopped by Arvid Holm with a rebound.
18:56 of 2nd period - Backhand shot by Kent Johnson.
18:56 of 2nd period - Goal by Kent Johnson - Tappara Tampere : 7 - Kelowna Rockets : 4.
18:57 of 2nd period - Riley Nash wins face-off versus Matthew Beniers in neutral zone.
18:59 of 2nd period - Minor Penalty to Maxence Guenette for Interference.
19:00 of 2nd period - Matthew Beniers wins face-off versus Bobby McMann in Kelowna Rockets zone.
19:02 of 2nd period - Snap shot by Matthew Beniers.
19:02 of 2nd period - Stopped by Arvid Holm with a rebound.
Goals for this period are 6 for Tappara Tampere vs 3 for Kelowna Rockets.
Shots for this period are 19 for Tappara Tampere vs 14 for Kelowna Rockets.
3rd period
0:01 of 3rd period - Bobby McMann wins face-off versus Logan Stankoven in neutral zone.
0:43 of 3rd period - Penalty to Jan Rutta is over, Jan Rutta is back on ice.
0:59 of 3rd period - Penalty to Maxence Guenette is over, Maxence Guenette is back on ice.
1:13 of 3rd period - Matt Martin is hit by Hardy Haman Aktell and loses puck.
1:55 of 3rd period - Minor Penalty to Jacob Perreault for Interference.
1:56 of 3rd period - Matthew Beniers wins face-off versus Joel Kiviranta in Kelowna Rockets zone.
2:24 of 3rd period - Snap shot by Kent Johnson.
2:24 of 3rd period - Shot Blocked by Mavrik Bourque.
2:26 of 3rd period - Slapshot by Calvin De Haan.
2:26 of 3rd period - Stopped by Arvid Holm with a rebound.
2:28 of 3rd period - Slapshot by Jan Rutta.
2:28 of 3rd period - Shot Blocked by Maxence Guenette.
2:32 of 3rd period - Slapshot by John Klingberg.
2:32 of 3rd period - Stopped by Arvid Holm with a rebound.
2:52 of 3rd period - Hardy Haman Aktell is hit by Mattias Janmark and loses puck.
3:55 of 3rd period - Penalty to Jacob Perreault is over, Jacob Perreault is back on ice.
4:00 of 3rd period - Slapshot by John Klingberg.
4:00 of 3rd period - Stopped by Arvid Holm without a rebound.
4:01 of 3rd period - Mikael Pyyhtia wins face-off versus Tomas Nosek in Kelowna Rockets zone.
4:07 of 3rd period - Minor Penalty to Dominik Kubalik for Roughing.
4:08 of 3rd period - Riley Nash wins face-off versus Matthew Beniers in Tappara Tampere zone.
4:12 of 3rd period - Wrist shot by Riley Nash.
4:12 of 3rd period - Goal by Riley Nash - Tappara Tampere : 7 - Kelowna Rockets : 5.
4:13 of 3rd period - Kent Johnson wins face-off versus Mavrik Bourque in neutral zone.
4:16 of 3rd period - Joel Kiviranta is hit by Jayson Megna and loses puck.
4:21 of 3rd period - Snap shot by Kent Johnson.
4:21 of 3rd period - Stopped by Arvid Holm with a rebound.
4:23 of 3rd period - Wrist shot by Kent Johnson.
4:23 of 3rd period - Stopped by Arvid Holm with a rebound.
4:39 of 3rd period - Mavrik Bourque is hit by Matt Martin and loses puck.
5:27 of 3rd period - Snap shot by Bobby McMann.
5:27 of 3rd period - Shot Blocked by Nikita Zaitsev.
5:29 of 3rd period - Snap shot by Joel Kiviranta.
5:29 of 3rd period - Stopped by Chris Driedger with a rebound.
5:31 of 3rd period - Snap shot by Mavrik Bourque.
5:31 of 3rd period - Stopped by Chris Driedger with a rebound.
5:33 of 3rd period - Snap shot by Joel Kiviranta.
5:33 of 3rd period - Stopped by Chris Driedger with a rebound.
5:35 of 3rd period - Slapshot by Jake Christiansen.
5:35 of 3rd period - Stopped by Chris Driedger with a rebound.
5:39 of 3rd period - Wrist shot by Joel Kiviranta.
5:39 of 3rd period - Stopped by Chris Driedger with a rebound.
5:45 of 3rd period - Snap shot by Bobby McMann.
5:45 of 3rd period - Stopped by Chris Driedger with a rebound.
5:47 of 3rd period - Slapshot by Bobby McMann.
5:47 of 3rd period - Deflect By Mavrik Bourque.
5:47 of 3rd period - Shot Misses the Net.
5:47 of 3rd period - Puck is out of play.
5:48 of 3rd period - Riley Nash wins face-off versus Logan Stankoven in Tappara Tampere zone.
6:19 of 3rd period - Slapshot by Oskar Back.
6:19 of 3rd period - Shot Blocked by Jayson Megna.
6:21 of 3rd period - Slapshot by Maxence Guenette.
6:21 of 3rd period - Shot Blocked by Sebastian J Aho.
6:51 of 3rd period - Matthew Beniers is hit by Jake Christiansen and loses puck.
6:58 of 3rd period - Jasper Weatherby is hit by Calvin De Haan and loses puck.
7:59 of 3rd period - Jasper Weatherby is hit by Nathan Walker and loses puck.
8:18 of 3rd period - Chad Ruhwedel is hit by John Klingberg and loses puck.
9:28 of 3rd period - Wrist shot by Tomas Nosek.
9:28 of 3rd period - Stopped by Arvid Holm without a rebound.
9:29 of 3rd period - Tomas Nosek wins face-off versus Mavrik Bourque in Kelowna Rockets zone.
9:32 of 3rd period - Snap shot by Tanner Pearson.
9:32 of 3rd period - Shot Misses the Net.
9:54 of 3rd period - Tomas Nosek is hit by Maxence Guenette and loses puck.
10:03 of 3rd period - Slapshot by John Klingberg.
10:03 of 3rd period - Shot Misses the Net.
10:05 of 3rd period - Slapshot by Nikita Zaitsev.
10:05 of 3rd period - Shot Misses the Net.
10:07 of 3rd period - Snap shot by John Klingberg.
10:07 of 3rd period - Shot Misses the Net.
10:09 of 3rd period - Wrist shot by Dominik Kubalik.
10:09 of 3rd period - Shot Blocked by Aku Raty.
10:11 of 3rd period - Wrist shot by Dominik Kubalik.
10:11 of 3rd period - Shot Misses the Net.
10:13 of 3rd period - Wrist shot by Tomas Nosek.
10:13 of 3rd period - Shot Blocked by Chad Ruhwedel.
10:15 of 3rd period - Slapshot by Tomas Nosek.
10:15 of 3rd period - Goal by Tomas Nosek - Tappara Tampere : 8 - Kelowna Rockets : 5.
10:16 of 3rd period - Matthew Beniers wins face-off versus Mavrik Bourque in neutral zone.
10:27 of 3rd period - Slapshot by Matthew Beniers.
10:27 of 3rd period - Shot Blocked by Eemil Viro.
10:29 of 3rd period - Minor Penalty to Bobby McMann for High sticking.
10:30 of 3rd period - Joel Kiviranta wins face-off versus Matthew Beniers in Kelowna Rockets zone.
12:29 of 3rd period - Penalty to Bobby McMann is over, Bobby McMann is back on ice.
12:38 of 3rd period - Off-side.
12:39 of 3rd period - Riley Nash wins face-off versus Sam Carrick in neutral zone.
12:42 of 3rd period - Sam Carrick is hit by Kim Nousiainen and loses puck.
13:05 of 3rd period - Andreas Englund is hit by Kim Nousiainen and loses puck.
13:49 of 3rd period - Icing by Calvin De Haan.
13:50 of 3rd period - Riley Nash wins face-off versus Tomas Nosek in Tappara Tampere zone.
13:51 of 3rd period - Snap shot by Roby Jarventie.
13:51 of 3rd period - Stopped by Chris Driedger with a rebound.
13:53 of 3rd period - Snap shot by Roby Jarventie.
13:53 of 3rd period - Stopped by Chris Driedger without a rebound.
13:54 of 3rd period - Tomas Nosek wins face-off versus Riley Nash in Tappara Tampere zone.
14:19 of 3rd period - Joel Kiviranta is hit by Andrew Cogliano and loses puck.
14:40 of 3rd period - Snap shot by Kent Johnson.
14:40 of 3rd period - Stopped by Arvid Holm without a rebound.
14:41 of 3rd period - Mikael Pyyhtia wins face-off versus Kent Johnson in Kelowna Rockets zone.
14:41 of 3rd period - Mikael Pyyhtia is hit by Calvin De Haan.
15:28 of 3rd period - Wrist shot by Aku Raty.
15:28 of 3rd period - Stopped by Chris Driedger without a rebound.
15:29 of 3rd period - Riley Nash wins face-off versus Sam Carrick in Tappara Tampere zone.
15:36 of 3rd period - Wrist shot by Riley Nash.
15:36 of 3rd period - Stopped by Chris Driedger without a rebound.
15:37 of 3rd period - Jayson Megna wins face-off versus Mavrik Bourque in Tappara Tampere zone.
16:29 of 3rd period - Andrew Cogliano is hit by Roby Jarventie and loses puck.
17:27 of 3rd period - Snap shot by Matt Martin.
17:27 of 3rd period - Stopped by Arvid Holm with a rebound.
18:10 of 3rd period - Wrist shot by Roby Jarventie.
18:10 of 3rd period - Stopped by Chris Driedger with a rebound.
18:24 of 3rd period - Kim Nousiainen is hit by Matthew Beniers and loses puck.
19:12 of 3rd period - Snap shot by Matthew Beniers.
19:12 of 3rd period - Shot Misses the Net.
19:14 of 3rd period - Wrist shot by Sebastian J Aho.
19:14 of 3rd period - Stopped by Arvid Holm with a rebound.
19:24 of 3rd period - Tomas Nosek is hit by Eemil Viro and loses puck.
19:47 of 3rd period - Calvin De Haan is hit by Maxence Guenette and loses puck.
Goals for this period are 1 for Tappara Tampere vs 1 for Kelowna Rockets.
Shots for this period are 10 for Tappara Tampere vs 12 for Kelowna Rockets.
Back to the Top